 Dungeon Crawl Stone Soup version 0.32-a0-131-g9dbbe29261 (webtiles) character file.

Game seed: 8627865293256275931

1549 zeratav the Mimic (level 8, -3/55 HPs)
             Began as an Octopode Shapeshifter on Feb 8, 2024.
             Slain by a gnoll sergeant
             ... wielding a +0 trident
              (10 damage)
             ... on level 6 of the Dungeon.
             The game lasted 00:08:28 (5082 turns).

zeratav the Mimic (Octopode Shapeshifter)           Turns: 5082, Time: 00:08:28

Health: -3/55      AC:  5    Str: 15    XL:     8   Next: 87%
Magic:  0/8        EV: 13    Int: 12    God:
Gold:   165        SH:  4    Dex: 18    Spells: 7/7 levels left

rFire   . . .        o - +2 short sword (protect) {short}
rCold   . . .        e - +0 buckler
rNeg    + . .        (helmet currently unavailable)
rPois   .            f - amulet of guardian spirit
rElec   .            j - +4 ring of protection
rCorr   .            t - +6 ring of dexterity
SInv    .            B - ring of positive energy
Will    .....        (no ring)
Stlth   ++++         (no ring)
HPRegen 0.29/turn    (no ring)
MPRegen 0.11/turn    (no ring)
                     (no ring)

%: guardian spirit
@: beast-form
A: beast (slay +4), almost no armour, amphibious, 8 rings, camouflage 1,
gelatinous body 1, (nimble swimmer 1), tentacles
a: Begin Untransformation


You were on level 6 of the Dungeon.
You were a hulking beast.
You visited 1 branch of the dungeon, and saw 6 of its levels.

You collected 165 gold pieces.


Innate Abilities, Weirdness & Mutations

You are a hulking beast.
Your limbs bulge with bestial killing power. (Slay +4)
You cannot wear most types of armour.
You are amphibious.
You can wear up to eight rings at the same time.
Your skin changes colour to match your surroundings (Stealth+).
Your rubbery body absorbs attacks. (AC +1, EV +1)
((You are camouflaged when in or above water. (Stealth+)))
You have tentacles for arms and can constrict up to eight enemies at once.


   Skills:
 - Level 5.0 Fighting
 - Level 2.0 Dodging
 - Level 5.0 Stealth
 - Level 3.0 Unarmed Combat
 + Level 8.7 Shapeshifting


You had 7 spell levels left.
You didn't know any spells.
Your spell library was empty.

Inventory:

Hand Weapons
 m - the +6 hand axe "Sooguar" {flame, *Rage Will+ Str+5, axe}
   (You found it on level 2 of the Dungeon)

   Str+5:     It affects your strength (+5).
   Will+:     It increases your willpower.
   *Rage:     It berserks you when you make melee attacks (+20% chance).
 o - a +2 short sword of protection (weapon) {short}
   (You found it on level 2 of the Dungeon)
Armour
 e - a +0 buckler (worn)
   (You found it on level 1 of the Dungeon)
Jewellery
 d - an amulet of the acrobat
   (You found it on level 1 of the Dungeon)
 f - an amulet of guardian spirit (around mantle)
   (You found it on level 1 of the Dungeon)
 j - a +4 ring of protection (left tentacle)
   (You found it on level 1 of the Dungeon)
 t - a +6 ring of dexterity (right tentacle)
   (You found it on level 3 of the Dungeon)
 B - a ring of positive energy (on tentacle)
   (You found it on level 5 of the Dungeon)
Talismans
 b - a beast talisman
 c - a flux talisman
Wands
 k - a wand of quicksilver (7)
   (You found it on level 6 of the Dungeon)
 C - a wand of iceblast (4) (quivered)
   (You found it on level 5 of the Dungeon)
Scrolls
 i - a scroll of torment {!r}
 l - a scroll of blinking {!r}
 n - a scroll of poison {!r}
 p - a scroll of revelation
 q - 4 scrolls of enchant armour {unknown}
 r - 2 scrolls of fog {unknown}
 v - a scroll of vulnerability {unknown}
 x - a scroll of teleportation {unknown}
 y - 2 scrolls of fear {unknown}
Potions
 a - a potion of lignification {!q}
 g - a potion of resistance {unknown}
 h - a potion of curing {@q1}
 s - a potion of berserk rage {!q}
 u - 2 potions of haste {unknown}
 z - a potion of enlightenment {unknown}
 A - 2 potions of might {unknown}

Dungeon Overview and Level Annotations

Branches:
Dungeon (6/15) Zot: 26494
 Temple: D:4-7

Altars:
Makhleb
Trog

Annotations:
D:6 Blork the orc

................##...##...<#.....
^.....................#....#.....
......................#....#.....
......................#....#.....
....##...##.....##...##...##....#
....##...##.....##...##...##.....
.........#.....og................
.>.......+.............)........#
.........#......h....)...........
.........#...........[)..........
.........#..........÷<...........
.........#...........)...........
.........#.......................
#################################


You could see Blork the orc (fast) and a gnoll sergeant.


Message History

No target in view!
No target in view!
No target in view!
No target in view!
No target in view!
No target in view!
No target in view!
No target in view!
No target in view!
No target in view!
No target in view!
No target in view!
No target in view!
No target in view!
No target in view!
No target in view!
Items here: ))) †††.
You open the door.
Found a stone staircase leading down.
There is an open door here.
You open the door.
There is an open door here.
You open the door.
There is an open door here.
A black bear comes into view.
A gnoll sergeant comes into view. It is wielding a +0 trident. x2
The gnoll sergeant moves out of view.
The gnoll sergeant shouts!
You hear a shout! x3
The black bear growls angrily.
You hit the black bear.
Your weapon exudes an aura of protection.
You grab the black bear. You squeeze the black bear!
You constrict the black bear.
You hear a shout!
The black bear bites you. The black bear claws you. x2
HP[-5] MP[-1]
You take 5 damage, and now have 50/55 hp.
You lost 1 mp, and now have 7/8 mp.
You hit the black bear. You constrict the black bear.
The black bear misses you. The black bear barely misses you.
The black bear claws you but does no damage.
Blork the orc comes into view.
He is wielding a +0 halberd.
You puncture the black bear!
You kill the black bear!
HP[+1]
The gnoll sergeant attacks as it pursues you!
The gnoll sergeant hits you from afar with a +0 trident.
HP[-2] MP[-1]
You take 2 damage, and now have 49/55 hp.
You lost 1 mp, and now have 6/8 mp.
The gnoll sergeant attacks as it pursues you!
The gnoll sergeant closely misses you.
HP[+1]
The gnoll sergeant attacks as it pursues you!
The gnoll sergeant closely misses you.
HP[+1] MP[+1] HP[+1] Blork the orc casts a spell.
Blork the orc seems to speed up.
The gnoll sergeant attacks as it pursues you!
The gnoll sergeant hits you from afar with a +0 trident.
HP[-4] MP[-1]
You take 4 damage, and now have 48/55 hp.
You lost 1 mp, and now have 6/8 mp.
The gnoll sergeant attacks as it pursues you!
The gnoll sergeant hits you from afar with a +0 trident.
HP[-4] MP[-1]
You take 4 damage, and now have 44/55 hp.
You lost 1 mp, and now have 5/8 mp.
The gnoll sergeant attacks as it pursues you!
The gnoll sergeant barely misses you.
Blork the orc looks encouraged for a moment.
MP[+1] HP[+1]
The gnoll sergeant attacks as it pursues you!
The gnoll sergeant hits you from afar with a +0 trident!
HP[-10] MP[-1]
You take 10 damage, and now have 35/55 hp.
You lost 1 mp, and now have 5/8 mp.
HP[+1] HP[+1] Blork the orc attacks as he pursues you!
Blork the orc hits you from afar with a +0 halberd!
* * * LOW HITPOINT WARNING * * *
Blork the orc hits you from afar with a +0 halberd!
* * * LOW HITPOINT WARNING * * *
Blork the orc gestures at you while chanting.
The magic dart hits you!
* * * LOW HITPOINT WARNING * * *
HP[-27] MP[-4]
You take 27 damage, and now have 10/55 hp.
MASSIVE DAMAGE!! (PAUSE)
You lost 4 mp, and now have 1/8 mp.
Blork the orc casts a spell at you. The puff of flame hits you.
* * * LOW HITPOINT WARNING * * *
HP[-4]
You take 4 damage, and now have 6/55 hp.
The gnoll sergeant hits you from afar with a +0 trident!
You die...

Skill      XL: |  1  2  3  4  5  6  7  8 |
---------------+-------------------------+-----
Stealth        | 2 3 5 |  5.0
Fighting       | 3 4 5 |  5.0
Shapeshifting  | 4 6 8 |  8.7
Dodging        | |  2.0
Unarmed Combat | |  3.0

Action                     |  1- 3 |  4- 6 |  7- 9 || total
---------------------------+-------+-------+-------++-------
  Melee: Unarmed           |    44 |       |       ||    44
         Constrict         |    14 |    24 |    23 ||    61
         Tentacles         |    13 |    23 |    20 ||    56
         Punch             |     2 |     4 |    10 ||    16
         Short sword       |    13 |    94 |   130 ||   237
         Hand axe          |     3 |       |       ||     3
  Evoke: Wand              |       |       |     1 ||     1
    Use: Potion            |       |       |     7 ||     7
         Scroll            |       |       |     4 ||     4
   Stab: Sleeping          |     8 |     6 |     2 ||    16
 Armour: Skin              |    18 |    41 |   390 ||   449
  Dodge: Dodged            |    25 |    45 |    96 ||   166
  Block: Buckler           |     7 |    13 |    74 ||    94

Levels and vault maps discovered:
D:1:      erik_arrival_triangle_huge, layout_basic, basic_ecumenical_altar
D:2:      layout_loops_ring, uniq_natasha
D:3:      layout_basic
D:4:      layout_loops_ring, kennysheep_big_empty_room
D:5:      layout_gridville, trog_three_pillars_becter,
          mainiacjoe_overflow_paths, uniq_eustachio
D:6:      layout_gridville, nicolae_uskayaw_dance_studio, nrook_mini_vaults,
          sword_in_stone, uniq_grinder

Notes
Turn   | Place    | Note
-------+----------+-------------------------------------------
     0 | D:1      | zeratav the Octopode Shapeshifter began the quest for the
                  | Orb.
     0 | D:1      | Reached XP level 1. HP: 13/13 MP: 1/1
     0 | D:1      | magus.rc [v1.9.6]
   106 | D:1      | Reached skill level 1 in Stealth
   176 | D:1      | Reached skill level 2 in Stealth
   224 | D:1      | Reached XP level 2. HP: 18/18 MP: 2/2
   503 | D:1      | Reached skill level 3 in Stealth
   611 | D:1      | Found a faded altar of an unknown god.
   792 | D:1      | Reached XP level 3. HP: 21/23 MP: 3/3
  1016 | D:1      | Reached skill level 4 in Stealth
  1206 | D:2      | Identified the +6 hand axe "Sooguar" {flame, *Rage Will+
                  | Str+5}
  1573 | D:2      | Reached skill level 5 in Stealth
  1600 | D:2      | Reached XP level 4. HP: 25/28 MP: 4/4
  1746 | D:2      | Noticed Natasha
  1749 | D:2      | Killed Natasha
  1750 | D:2      | Reached skill level 2 in Fighting
  1758 | D:2      | Noticed Natasha
  1763 | D:2      | Killed Natasha
  1949 | D:2      | Noticed Natasha
  1961 | D:2      | Killed Natasha
  1962 | D:2      | Reached skill level 3 in Fighting
  1962 | D:2      | Reached XP level 5. HP: 36/36 MP: 5/5
  2621 | D:4      | Reached skill level 4 in Fighting
  2751 | D:4      | Reached XP level 6. HP: 19/44 MP: 2/6
  3305 | D:4      | Reached skill level 5 in Fighting
  3407 | D:5      | Entered Level 5 of the Dungeon
  3407 | D:5      | Noticed Eustachio
  3445 | D:5      | Found a burning altar of Makhleb.
  3608 | D:5      | Reached skill level 4 in Shapeshifting
  3680 | D:5      | Reached XP level 7. HP: 50/50 MP: 7/7
  4016 | D:5      | Reached skill level 5 in Shapeshifting
  4338 | D:5      | Reached skill level 6 in Shapeshifting
  4390 | D:5      | Killed Eustachio
  4391 | D:5      | Reached XP level 8. HP: 53/55 MP: 8/8
  4436 | D:5      | Found a bloodstained altar of Trog.
  4624 | D:6      | HP: 20/82 [gnoll bouda/+0 whip (5)]
  4627 | D:6      | HP: 9/82 [gnoll bouda/+0 whip (4)]
  4631 | D:6      | HP: 3/82 [black bear (2)]
  4633 | D:6      | HP: 1/82 [gnoll/+0 spear[a gnoll bouda] (5)]
  4639 | D:6      | HP: 19/82 [gnoll/+0 halberd[a gnoll bouda] (6)]
  4640 | D:6      | Reached skill level 7 in Shapeshifting
  4645 | D:6      | HP: 10/82 [gnoll/+0 halberd[a gnoll bouda] (3)]
  4655 | D:6      | HP: 20/82 [gnoll/+0 halberd[a gnoll bouda] (4)]
  4658 | D:6      | HP: 8/82 [gnoll/+0 whip[a gnoll bouda] (6)]
  4659 | D:6      | HP: 2/55 [gnoll/+0 whip[a gnoll bouda] (3)]
  4665 | D:6      | HP: 12/55 [gnoll/+0 halberd[a gnoll bouda] (2)]
  4855 | D:6      | Noticed Grinder
  4866 | D:6      | Killed Grinder
  4867 | D:6      | Reached skill level 8 in Shapeshifting
  5053 | D:6      | Noticed Blork the orc
  5080 | D:6      | HP: 10/55 [Blork the orc/magic dart (7)]
  5082 | D:6      | Slain by a gnoll sergeant

Vanquished Creatures
  Grinder (D:6)
  Eustachio (D:5)
  3 black bears
  A gnoll sergeant (D:5)
  2 howler monkeys
  A bombardier beetle (D:4)
  2 gnoll boudas
  5 hounds
  A jelly (D:6)
  3 orc priests
  A sleepcap (D:5)
  2 iguanas
  Natasha (thrice) (D:2)
  An orc wizard (D:3)
  11 gnolls
  6 adders
  A white imp (D:5)
  2 ufetubi (D:5)
  5 ribbon worms
  14 orcs
  2 ball pythons (D:1)
  3 endoplasms
  2 giant cockroaches
  4 goblins
  7 hobgoblins
  7 jackals
  4 kobolds
  5 quokkas
  2 bats (D:1)
  4 frilled lizards
  5 rats
111 creatures vanquished.

Table legend:
 A = Non-vault XP
 B = Vault XP
 C = Vault XP percentage of total XP
 D = Non-vault monster count
 E = Vault monster count
 F = Vault count percentage of total count
                 A         B        C        D         E       F
            +---------+---------+-------+---------+---------+-------
      Total |    1702 |     512 |  23.1 |     108 |       3 |   2.7
            +---------+---------+-------+---------+---------+-------
        D:1 |      39 |       0 |   0.0 |      22 |       0 |   0.0
        D:2 |     118 |      35 |  22.9 |      16 |       1 |   5.9
        D:3 |      46 |       0 |   0.0 |       7 |       0 |   0.0
        D:4 |     243 |       0 |   0.0 |      23 |       0 |   0.0
        D:5 |     727 |     182 |  20.0 |      24 |       1 |   4.0
        D:6 |     529 |     295 |  35.8 |      16 |       1 |   5.9
            +---------+---------+-------+---------+---------+-------

Skill      XL: |  1  2  3  4  5  6  7  8 |
---------------+-------------------------+-----
Stealth        | 2 3 5 |  5.0
Fighting       | 3 4 5 |  5.0
Shapeshifting  | 4 6 8 |  8.7
Dodging        | |  2.0
Unarmed Combat | |  3.0

Action                     |  1- 3 |  4- 6 |  7- 9 || total
---------------------------+-------+-------+-------++-------
  Melee: Unarmed           |    44 |       |       ||    44
         Constrict         |    14 |    24 |    23 ||    61
         Tentacles         |    13 |    23 |    20 ||    56
         Punch             |     2 |     4 |    10 ||    16
         Short sword       |    13 |    94 |   130 ||   237
         Hand axe          |     3 |       |       ||     3
  Evoke: Wand              |       |       |     1 ||     1
    Use: Potion            |       |       |     7 ||     7
         Scroll            |       |       |     4 ||     4
   Stab: Sleeping          |     8 |     6 |     2 ||    16
 Armour: Skin              |    18 |    41 |   390 ||   449
  Dodge: Dodged            |    25 |    45 |    96 ||   166
  Block: Buckler           |     7 |    13 |    74 ||    94

Illustrated notes

Table legend:
 A = Kills in this place as a percentage of kills in the entire game.
 B = Kills by you in this place as a percentage of kills by you in the entire game.
 C = Kills by friends in this place as a percentage of kills by friends in the entire game.
 D = Other kills in this place as a percentage of other kills in the entire game.
 E = Experience gained in this place as a percentage of experience gained in the entire game.
 F = Experience gained in this place divided by the number of levels of this place that you have seen.
                   A       B       C       D       E      F
               +-------+-------+-------+-------+-------+----------------------
         Total | 100.0 | 100.0 |   N/A |   N/A | 100.0 | 369.0
       Dungeon | 100.0 | 100.0 |   N/A |   N/A | 100.0 | 369.0
               +-------+-------+-------+-------+-------+----------------------

Table legend: (Time is in decaauts)
 A = Elapsed time spent in this place.
 B = Non-inter-level travel time spent in this place.
 C = Inter-level travel time spent in this place.
 D = Time resting spent in this place.
 E = Time spent auto-exploring this place.
 F = Levels seen in this place.
 G = Mean time per level.
                   A        B        C        D        E       F      G
               +--------+--------+--------+--------+--------+-----+--------+
         Total |   5116 |   4832 |    284 |    524 |   3384 |   6 |  852.7 |
       Dungeon |   5116 |   4832 |    284 |    524 |   3384 |   6 |  852.7 |
               +--------+--------+--------+--------+--------+-----+--------+

Top non-repeatable levels by time:
     D:5: 1220 daAuts
     D:1: 1139 daAuts
     D:4: 934 daAuts
     D:2: 866 daAuts
     D:3: 608 daAuts
     D:6: 348 daAuts
